 Dungeon Crawl Stone Soup version 0.19-a0-1170-g18f0c96 (webtiles) character file.

212 Gagarin the Poker (level 5, -4/41 HPs)
             Began as a Merfolk Gladiator on Aug 17, 2016.
             Slain by Edmund
             ... wielding a +1 dire flail of protection
              (11 damage)
             ... on level 4 of the Dungeon.
             The game lasted 00:10:31 (2581 turns).

Gagarin the Poker (Merfolk Gladiator)               Turns: 2581, Time: 00:10:33

Health: -4/41      AC:  4    Str: 17    XL:     5   Next: 90%
Magic:  5/5        EV: 21    Int:  7    God:
Gold:   69         SH:  0    Dex: 19    Spells: 0 memorised, 4 levels left

rFire  . . .     SeeInvis .     a - +1 trident
rCold  . . .     Gourm    .     b - +0 leather armour
rNeg   . . .     Faith    .     (no shield)
rPois  .         Spirit   .     c - +0 helmet
rElec  .         Dismiss  .     (no cloak)
rCorr  .         Reflect  .     (no gloves)
MR     .....     Harm     .     (no boots)
Stlth  ++........               (no amulet)
                                (no ring)
                                (no ring)

@: agile
A: change form in water, swift swim
a: no special abilities


You were on level 4 of the Dungeon.
You were not hungry.

You visited 1 branch of the dungeon, and saw 4 of its levels.

You collected 69 gold pieces.

Inventory:

Hand Weapons
 a - a +1 trident (weapon)
Missiles
 h - 10 poisoned needles
 u - 5 tomahawks (quivered)
Armour
 b - a +0 leather armour (worn)
 c - a +0 helmet (worn)
Wands
 g - a wand of lightning (6/15)
Scrolls
 j - a scroll of remove curse
 k - 4 scrolls of identify
Potions
 e - a potion of flight
 l - a potion of brilliance
 m - a potion of curing
Comestibles
 f - 2 bread rations


   Skills:
 + Level 3.4 Fighting
 + Level 6.3 Polearms
 - Level 2.0 Throwing
 + Level 1.3 Armour
 + Level 5.6 Dodging


You had 4 spell levels left.
You didn't know any spells.

Dungeon Overview and Level Annotations

Branches:
Dungeon (4/15)
 Temple: D:4-7

Altars:
Dithmenos
Pakellas

Annotations:
D:3 Xiguana's ghost, amateur TeCj
D:4 Edmund


Message History

Edmund completely misses you.
You hit Edmund but do no damage.
Edmund is severely wounded.
Edmund closely misses you.
You hit Edmund but do no damage.
Edmund is severely wounded.
Edmund misses you.
You closely miss Edmund.
Edmund is severely wounded.
You hit Edmund.
Edmund is almost dead.
Edmund hits you with a dire flail of protection.
You hit Edmund but do no damage.
Edmund is almost dead.
Edmund hits you with a dire flail of protection!
* * * LOW HITPOINT WARNING * * *
You closely miss Edmund.
Edmund is almost dead.
Edmund hits you with a dire flail of protection!
You die...

#. #.# .. #.# #. #.#
. #. #.# .. #. #>#
... #. #.# ....
#.##.###########..$..
##..@............#
#.(..@......[.[###
#.######.#####.# #.
#.# #.# # #.# ... #.#
.... #.# ....## #..
.#.## ###


You could see Edmund.

Vanquished Creatures
  An ice beast (D:3)
  3 adders (D:3)
  3 worms (D:3)
  2 dart slugs
  3 giant geckos
  6 orcs (D:3)
  6 bats
  3 giant cockroaches
  11 goblins
  12 hobgoblins
  6 jackals (D:2)
  3 kobolds (D:1)
  A giant newt (D:1)
  7 rats
67 creatures vanquished.

Notes
Turn   | Place    | Note
-------+----------+-------------------------------------------
     0 | D:1      | Gagarin the Merfolk Gladiator began the quest for the Orb.
     0 | D:1      | Reached XP level 1. HP: 16/16 MP: 1/1
    65 | D:1      | Reached XP level 2. HP: 22/22 MP: 2/2
   225 | D:1      | Reached skill level 5 in Polearms
   369 | D:1      | Reached XP level 3. HP: 24/28 MP: 3/3
  1126 | D:3      | Reached XP level 4. HP: 34/34 MP: 4/4
  1210 | D:3      | Found a shadowy altar of Dithmenos.
  1598 | D:3      | Noticed an ice beast
  1622 | D:3      | Killed an ice beast
  1622 | D:3      | Reached skill level 6 in Polearms
  1622 | D:3      | Reached skill level 1 in Armour
  1622 | D:3      | Reached skill level 5 in Dodging
  1622 | D:3      | Reached XP level 5. HP: 20/41 MP: 5/5
  1960 | D:3      | Noticed Xiguana's ghost (amateur TeCj)
  2254 | D:3      | Found an oddly glowing altar of Pakellas.
  2289 | D:4      | Noticed Blork the orc
  2302 | D:4      | Noticed Edmund
  2581 | D:4      | Slain by Edmund

Vault maps used:
D:1:      saegor_arrival_miasma
D:2:      minmay_misc_feat_tower
D:3:      grunt_dithmenos_smoke, grunt_pakellas_salt
D:4:      first_bread, uniq_edmund, uniq_blork_the_orc, uniq_crazy_yiuf_cottage

Skill      XL: |  1  2  3  4 |
---------------+-------------+-----
Polearms       | 5 6 |  6.3
Fighting       | 3 |  3.4
Armour         | 1 |  1.3
Dodging        | 5 |  5.6
Throwing       | |  2.0

Action                   |  1- 3 |  4- 6 || total
-------------------------+-------+-------++-------
Melee: Trident           |   142 |   122 ||   264
Throw: Throwing net      |       |     5 ||     5
  Use: Potion            |       |     4 ||     4
       Scroll            |       |    10 ||    10
 Stab: Sleeping          |     2 |       ||     2
       Held in net/web   |       |     1 ||     1
  Eat: Chunk             |     1 |     5 ||     6
Armor: Leather armour    |    31 |     6 ||    37
       Ring mail         |       |     4 ||     4
Dodge: Dodged            |    99 |    58 ||   157
